 Dungeon Crawl Stone Soup version 0.16-a0-3596-g438c78e (webtiles) character file.

17394 PolkaDot the Bewitcher (level 12, -15/74 HPs)
             Began as a Vampire Enchanter on Jan 12, 2015.
             Was a Priest of Ashenzari.
             Demolished by a six-headed hydra (16 damage)
             ... on level 13 of the Dungeon.
             The game lasted 00:49:49 (16028 turns).

PolkaDot the Bewitcher (Vampire Enchanter)         Turns: 16028, Time: 00:49:49

Health: -15/74     AC:  9    Str:  8      XL:     12   Next: 18%
Magic:  5/18       EV: 17    Int: 17 (20) God:    Ashenzari [***...]
Gold:   157        SH:  7    Dex: 14      Spells: 5 memorised, 2 levels left

rFire  + . .     SeeInvis +     e - +6 dagger (flame) (curse)
rCold  + + +     Clarity  +     m - +0 leather armour {rF+} (curse)
rNeg   + + +     SustAb   .     E - +2 buckler (curse)
rPois  +         Gourm    .     p - +0 helmet (curse)
rElec  +         Spirit   .     z - +1 cloak "Nokkyegh" {+Fly rElec rC++ rCorr} (curse)
rCorr  +         Warding  .     O - +0 pair of gloves (curse)
rMut   .         Stasis   .     D - +0 pair of boots (curse)
MR     ++...                    n - amulet of regeneration (curse)
Stlth  ++++++++..               q - +4 ring of evasion (curse)
                                i - ring of protection from magic (curse)

@: regenerating slowly, very resistant to hostile enchantments, extraordinarily
stealthy
A: bottle blood, fangs 3, icy blue scales 1, see invisible, spit poison 2, wild
magic 1, unbreathing
a: Spit Poison, Bat Form, Renounce Religion, Evoke Flight


You were on level 13 of the Dungeon.
You worshipped Ashenzari.
Ashenzari was most pleased with you.
You were near bloodless.

You visited 2 branches of the dungeon, and saw 14 of its levels.
You also visited: Bailey.

You collected 610 gold pieces.
You spent 453 gold pieces at shops.

Inventory:

Hand weapons
 e - a cursed +6 dagger of flaming (weapon)
Armour
 m - a cursed +0 leather armour of fire resistance (worn)
 p - a cursed +0 helmet (worn)
 z - the cursed +1 cloak "Nokkyegh" (worn) {+Fly rElec rC++ rCorr}
   (You found it on level 6 of the Dungeon)

   It greatly protects you from cold.
   It insulates you from electricity.
   It lets you fly.
   It protects you from acid and corrosion.
   It has a curse placed upon it.
 D - a cursed +0 pair of boots (worn)
 E - a cursed +2 buckler (worn)
 O - a cursed +0 pair of gloves (worn)
Jewellery
 i - a cursed ring of protection from magic (left hand)
 n - a cursed amulet of regeneration (around neck)
 q - a cursed +4 ring of evasion (right hand)
 I - an uncursed ring of poison resistance
Magical devices
 v - a wand of draining (12)
 w - a wand of lightning (6)
 H - a wand of digging (18)
 P - a wand of random effects (29)
Scrolls
 a - a scroll of summoning {unknown}
 b - 4 scrolls of amnesia
 d - a scroll of immolation
 j - a scroll of silence {unknown}
 l - a scroll of fog {unknown}
 r - 6 scrolls of teleportation
 u - a scroll of blinking {unknown}
 y - a scroll of enchant armour {unknown}
 A - a scroll of recharging
 B - a scroll of curse jewellery
 C - a scroll of curse weapon
 J - 3 scrolls of remove curse
 K - a scroll of vulnerability {unknown}
 Q - a scroll of magic mapping
Potions
 g - 9 potions of curing
 h - 2 potions of cure mutation {!q}
 k - 2 potions of agility
 s - 3 potions of berserk rage
 t - 13 potions of heal wounds
 x - a potion of flight
 F - 2 potions of magic
 G - 2 potions of blood {@*1}
Books
 c - a book of Maledictions

   Spells                             Type                      Level
   a - Corona                         Hexes                        1
   b - Sure Blade                     Hexes/Charms                 2
   c - Ensorcelled Hibernation        Hexes/Ice                    2
   d - Confuse                        Hexes                        3
   e - Dazzling Spray                 Conjuration/Hexes            3
   f - Enslavement                    Hexes                        4
 f - a book of Callings

   Spells                             Type                      Level
   a - Summon Small Mammal            Summoning                    1
   b - Call Imp                       Summoning                    2
   c - Call Canine Familiar           Summoning                    3
   d - Summon Guardian Golem          Hexes/Summoning              4
   e - Summon Lightning Spire         Summoning/Air                4
   f - Summon Ice Beast               Ice/Summoning                4


   Skills:
 + Level 9.8(12.5) Short Blades
 - Level 2.1(4.4) Dodging
 + Level 15.0(17.4) Stealth
 - Level 4.5(6.3) Shields
 - Level 2.0 Spellcasting
 * Level 18.7(20.9) Hexes
 - Level 2.0(4.2) Ice Magic


You had 2 spell levels left.
You knew the following spells:

 Your Spells              Type           Power        Failure   Level  Hunger
a - Corona                Hex            #######      1%          1    #......
c - Confuse               Hex            #######.     1%          3    ###....
d - Ensorcelled Hibernat  Hex/Ice        ######       1%          2    ###....
e - Enslavement           Hex            #######.     1%          4    #####..
s - Dazzling Spray        Conj/Hex       ######..     3%          3    ###....


Dungeon Overview and Level Annotations

Branches:
Dungeon (13/15)            Temple (1/1) D:7            Lair (0/8) D:10
    Orc (0/4) D:11         Vaults (0/5) D:13

Altars:
Ashenzari
Cheibriados
Dithmenos
Elyvilon
Fedhas
Gozag
Kikubaaqudgha
Makhleb
Nemelex Xobeh
Okawaru
Qazlal
Ru
Sif Muna
Trog
Vehumet
Xom
Yredelemnul
Zin
The Shining One
Beogh

Shops:
D:7 (*[   D:11 ?   D:13 =

Annotations:
D:11 exclusion: 2 doors
D:12 Gastronok


Innate Abilities, Weirdness & Mutations

You heal slowly.
You can bottle blood from corpses.
You have razor-sharp teeth.
You have supernaturally acute eyesight.
You can survive without breathing.
You are partially covered in icy blue scales (AC +1).
You can spit moderately strong poison.
Your spells are a little harder to cast, but a little more powerful.


Message History

The six-headed hydra is lightly wounded.
Drink which item? (? for menu, Esc to quit)
You feel much better. The six-headed hydra bites you!
* * * LOW HITPOINT WARNING * * *
The six-headed hydra bites you!
* * * LOW HITPOINT WARNING * * *
The six-headed hydra bites you.
* * * LOW HITPOINT WARNING * * *
The six-headed hydra bites you!
* * * LOW HITPOINT WARNING * * *
The six-headed hydra bites you but does no damage.
You block the six-headed hydra's attack.
Read which item? (? for menu, Esc to quit)
As you read the scroll of fear, it crumbles to dust.
You assume a fearsome visage.
The mottled dragon looks frightened!
The six-headed hydra resists with almost no effort.
The six-headed hydra misses you.
The six-headed hydra bites you but does no damage.
The six-headed hydra bites you!
You die...

######### *
#......... , #@#
**** * ## #D# * #.
#.#### #.####.
##D...## #......
#...#..# ######.
#..###.# #######.
#.∩# #.# #.......
##.###.#####.#####.
#[.)##.............


You could see a six-headed hydra and a mottled dragon (fleeing).

Vanquished Creatures
  Erolcha (D:11)
  The ghost of Kemay the Nimble, an experienced OpTm of Sif Muna (D:10)
  3 hill giants
  An orc knight (Bailey)
  Pikel (D:5)
  An ugly thing (D:12)
  A wolf spider (shapeshifter) (D:13)
  2 cyclopes
  2 gargoyles (D:10)
  A freezing wraith (D:13)
  3 two-headed ogres
  5 trolls
  3 slime creatures (D:12)
  2 wraiths (D:11)
  A trapdoor spider (D:10)
  A human (D:7)
  3 hippogriffs
  A golden eye (shapeshifter) (D:13)
  6 yaks
  A deep elf mage (D:13)
  A wyvern (D:11)
  Edmund (D:5)
  A sky beast (D:10)
  A black bear (D:9)
  A necrophage (D:13)
  6 ice beasts
  6 orc warriors
  2 wasps
  8 ogres
  3 boring beetles (D:10)
  2 big kobolds (D:9)
  5 centaurs
  7 giant frogs
  6 scorpions
  4 killer bees (D:7)
  6 jellies
  12 crimson imps
  2 goliath beetles (D:10)
  7 hounds
  9 orc priests
  6 orc wizards
  2 iguanas
  4 giant frog skeletons
  6 centaur skeletons
  6 worker ants
  7 sheep
  Ijyb (D:7)
  A hound skeleton (D:9)
  A worker ant zombie (D:10)
  5 adders
  15 gnolls
  2 worms
  3 shadow imps
  3 adder zombies
  4 giant geckos
  6 oozes
  37 orcs
  3 bat skeletons
  A bat zombie (D:5)
  3 giant cockroaches
  14 goblins
  17 hobgoblins
  26 kobolds
  16 bats
  5 giant newts
  12 jackals
  30 rats
  6 ballistomycetes
372 creatures vanquished.

Vanquished Creatures (collateral kills)
  2 orcs (D:8)
  3 hobgoblins (Bailey)
  2 kobolds
  3 giant spores
10 creatures vanquished.

Vanquished Creatures (others)
  A gnoll (Bailey)
1 creature vanquished.

Grand Total: 383 creatures vanquished

Notes
Turn   | Place    | Note
--------------------------------------------------------------
     0 | D:1      | PolkaDot, the Vampire Enchanter, began the quest for the Orb.
     0 | D:1      | Reached XP level 1. HP: 13/13 MP: 3/3
   422 | D:1      | Reached XP level 2. HP: 14/19 MP: 4/4
   427 | D:1      | Learned a level 2 spell: Ensorcelled Hibernation
   430 | D:1      | Reached skill level 5 in Hexes
  1470 | D:2      | Reached XP level 3. HP: 18/24 MP: 3/6
  1479 | D:2      | Learned a level 3 spell: Confuse
  1542 | D:2      | Reached skill level 5 in Stealth
  1618 | D:2      | Found a snail-covered altar of Cheibriados.
  1618 | D:2      | Found a white marble altar of Elyvilon.
  2214 | D:3      | Found a stormy altar of Qazlal.
  2382 | D:3      | Reached skill level 6 in Hexes
  2382 | D:3      | Reached XP level 4. HP: 30/30 MP: 2/7
  2927 | D:3      | Reached XP level 5. HP: 26/35 MP: 1/9
  3618 | D:4      | Reached skill level 7 in Hexes
  3750 | D:4      | Reached skill level 1 in Ice Magic
  4298 | D:4      | Noticed a two-headed ogre
  4319 | D:4      | Killed a two-headed ogre
  4319 | D:4      | Reached skill level 8 in Hexes
  4319 | D:4      | Reached XP level 6. HP: 41/41 MP: 4/10
  4466 | D:4      | Found a sparkling altar of Nemelex Xobeh.
  4467 | D:4      | Found a radiant altar of Vehumet.
  4748 | D:4      | Noticed an ogre
  4768 | D:4      | Killed an ogre
  4768 | D:4      | Reached XP level 7. HP: 46/46 MP: 9/12
  4819 | D:4      | Learned a level 4 spell: Enslavement
  4928 | D:5      | Entered Level 5 of the Dungeon
  5319 | D:5      | Reached skill level 9 in Hexes
  5593 | D:5      | Gained mutation: You are partially covered in icy blue scales (AC +1). [potion of beneficial mutation]
  5687 | D:5      | Gained mutation: Your spells are a little harder to cast, but a little more powerful. [potion of mutation]
  5687 | D:5      | Gained mutation: You can spit poison. [potion of mutation]
  5687 | D:5      | Gained mutation: You can spit moderately strong poison. [potion of mutation]
  5903 | D:5      | Reached skill level 10 in Hexes
  5972 | D:5      | Reached XP level 8. HP: 52/52 MP: 9/13
  6143 | D:5      | Noticed Pikel
  6166 | D:5      | Killed Pikel
  6166 | D:5      | Reached skill level 5 in Short Blades
  6166 | D:5      | Reached skill level 11 in Hexes
  6331 | D:5      | Noticed Edmund
  6350 | D:5      | Killed Edmund
  6955 | D:6      | Found a sacrificial altar of Ru.
  7028 | D:6      | Got a warped cloak
  7039 | D:6      | Identified the +1 cloak "Nokkyegh" {+Fly rElec rC++ rCorr} (You found it on level 6 of the Dungeon)
  7326 | D:6      | Reached skill level 12 in Hexes
  7345 | D:7      | Noticed Ijyb
  7346 | D:7      | Killed Ijyb
  7360 | D:7      | Reached XP level 9. HP: 57/57 MP: 11/14
  7362 | D:7      | Reached skill level 10 in Stealth
  7492 | D:7      | Found Aseo's Antique Armour Boutique.
  7759 | D:7      | Found Taureag's Assorted Antiques.
  8011 | D:7      | Found Ybbiqael's Weapon Shoppe.
  8090 | D:7      | Reached skill level 13 in Hexes
  9046 | D:7      | Found a staircase to the Ecumenical Temple.
  9056 | Temple   | Entered the Ecumenical Temple
  9149 | Temple   | Became a worshipper of Ashenzari the Shackled
  9238 | D:7      | Bought a pair of boots for 171 gold pieces
  9361 | D:8      | Found a flagged portal.
  9511 | Bailey   | Entered a bailey
  9580 | Bailey   | Reached skill level 1 in Shields
  9732 | Bailey   | Noticed an orc knight
  9758 | Bailey   | Reached skill level 14 in Hexes
  9770 | Bailey   | Killed an orc knight
  9770 | Bailey   | Reached XP level 10. HP: 39/63 MP: 6/16
 10171 | D:8      | Learned a level 3 spell: Dazzling Spray
 10383 | D:8      | Found a glowing golden altar of the Shining One.
 11307 | D:9      | Acquired Ashenzari's first power
 11420 | D:9      | Reached skill level 15 in Hexes
 12392 | D:10     | Entered Level 10 of the Dungeon
 12402 | D:10     | Reached skill level 16 in Hexes
 12437 | D:10     | Noticed Kemay's ghost (experienced OpTm)
 12466 | D:10     | Killed Kemay's ghost
 12608 | D:10     | Reached XP level 11. HP: 43/68 MP: 17/17
 12611 | D:10     | Found a staircase to the Lair.
 13527 | D:10     | Acquired Ashenzari's second power
 13796 | D:10     | Reached skill level 17 in Hexes
 13957 | D:10     | Found a roughly hewn altar of Beogh.
 14144 | D:11     | Noticed a hill giant
 14150 | D:11     | Killed a hill giant
 14321 | D:11     | Found Twaucarph's Magic Scroll Shoppe.
 14367 | D:11     | Noticed a hill giant
 14372 | D:11     | Killed a hill giant
 14401 | D:11     | Found a staircase to the Orcish Mines.
 14921 | D:11     | Bought a scroll of brand weapon for 240 gold pieces
 14921 | D:11     | Bought a scroll of magic mapping for 42 gold pieces
 14931 | D:11     | Noticed Erolcha
 14939 | D:11     | Killed Erolcha
 15132 | D:12     | Reached skill level 18 in Hexes
 15534 | D:12     | Noticed Gastronok
 15662 | D:13     | Reached XP level 12. HP: 74/74 MP: 18/18
 15769 | D:13     | Found a gate to the Vaults.
 15997 | D:13     | Found Jesaiqim's Jewellery Shoppe.
 15997 | D:13     | Noticed a hill giant
 16002 | D:13     | Killed a hill giant
 16006 | D:13     | Noticed a six-headed hydra
 16021 | D:13     | Reached skill level 15 in Stealth
 16027 | D:13     | HP: 1/74 [six-headed hydra (12)]
 16028 | D:13     | Demolished by a six-headed hydra

Action                   |  1- 3 |  4- 6 |  7- 9 | 10-12 || total
-------------------------+-------+-------+-------+-------++-------
Melee: Dagger            |   102 |   102 |   299 |   410 ||   913
 Cast: Corona            |     2 |       |     3 |     8 ||    13
       Ensorcelled Hiber |    17 |    34 |    68 |    95 ||   214
       Confuse           |       |     2 |     2 |    13 ||    17
       Enslavement       |       |       |     7 |     4 ||    11
  Use: Scroll            |       |       |    24 |     8 ||    32
       Potion            |       |       |     2 |     6 ||     8
 Stab: Sleeping          |    20 |    29 |    68 |    98 ||   215
       Distracted        |     1 |     1 |     1 |     5 ||     8
       Confused          |       |     2 |     2 |     9 ||    13
  Eat: Corpse            |       |       |       |     1 ||     1
